 Dungeon Crawl Stone Soup version 0.29.1-1-gd02db6906a (webtiles) character file.

Game seed: 17218445340686503809

5904 Cape the Fighter (level 10, 0/94 HPs)
             Began as a Minotaur Berserker on Oct 13, 2022.
             Was an Elder of Trog.
             Slain by a cyclops (19 damage)
             ... on level 9 of the Dungeon on Oct 20, 2022.
             The game lasted 00:30:26 (10317 turns).

Cape the Fighter (Minotaur Berserker)              Turns: 10317, Time: 00:30:27

Health: 0/94       AC: 15    Str: 25    XL:     10   Next: 53%
Magic:  9/9        EV:  9    Int:  4    God:    Trog [****..]
Gold:   455        SH:  0    Dex: 11    Spells: 9/9 levels left

rFire   . . .      SeeInvis .   G - +3 flail
rCold   . . .      Faith    .   (no shield)
rNeg    . . .      Spirit   .   n - +0 plate armour
rPois   .          Reflect  .   (helmet restricted)
rElec   .          Harm     .   D - +1 cloak
rCorr   .          Rampage  .   (no gloves)
Will    +++..                   (no boots)
Stlth   ..........              (no amulet)
HPRegen 1.25/turn               d - ring of willpower
MPRegen 0.11/turn               (no ring)

@: mighty, strong-willed, regenerating
A: horns 2, retaliatory headbutt
a: Renounce Religion, Berserk, Trog's Hand, Brothers in Arms


You were on level 9 of the Dungeon.
You worshipped Trog.
Trog was greatly pleased with you.
You visited 2 branches of the dungeon, and saw 10 of its levels.

You collected 829 gold pieces.
You spent 374 gold pieces at shops.

Inventory:

Hand Weapons
 a - a +0 war axe
 G - a +3 flail (weapon)
Missiles
 o - 7 poisoned darts
 r - 3 silver javelins
 C - 2 boomerangs of dispersal (quivered)
Armour
 n - a +0 plate armour (worn)
 D - a +1 cloak (worn)
Jewellery
 d - a ring of willpower (left hand)
 I - a +6 ring of strength
Wands
 f - a wand of paralysis (9)
 w - a wand of iceblast (30)
 y - a wand of polymorph (6)
 A - a wand of digging (9)
Scrolls
 b - 2 scrolls of immolation {unknown}
 g - a scroll of blinking
 j - 3 scrolls of fear
 m - 2 scrolls of torment {unknown}
 q - 3 scrolls of teleportation {unknown}
 t - 2 scrolls of poison {unknown}
 u - a scroll of enchant armour {unknown}
 z - a scroll of silence {unknown}
 B - 4 scrolls of identify
 F - a scroll of magic mapping {unknown}
Potions
 e - 2 potions of lignification
 h - a potion of degeneration {unknown}
 i - 6 potions of curing
 k - 2 potions of flight
 l - 3 potions of might
 p - a potion of brilliance
 s - 2 potions of mutation
 v - a potion of magic {unknown}
 x - a potion of haste {unknown}
 E - a potion of cancellation {unknown}
 H - a potion of ambrosia {unknown}


   Skills:
 * Level 10.8 Fighting
 * Level 10.8 Axes
 + Level 7.7 Armour
 + Level 6.8 Dodging
 + Level 5.4 Evocations


You had 9 spell levels left.
You didn't know any spells.
Your spell library was empty.

Dungeon Overview and Level Annotations

Branches:
Dungeon (9/15)             Temple (1/1) D:6             Orc (0/2) D:9
   Lair: D:8-11

Altars:
Cheibriados
Dithmenos
Elyvilon
Fedhas
Gozag
Hepliaklqana
Kikubaaqudgha
Makhleb
Nemelex Xobeh
Okawaru
Qazlal
Ru
Sif Muna
Trog
Uskayaw
Vehumet
Wu Jian
Zin
The Shining One

Shops:
D:5 [   D:6 ?   D:7 **


Innate Abilities, Weirdness & Mutations

You have a pair of horns on your head.
You reflexively headbutt those who attack you in melee.


Message History

You barely miss the steam dragon.
The steam dragon is heavily wounded.
You are engulfed in a cloud of scalding steam.
You feel sick. The steam dragon closely misses you. You furiously retaliate!
You headbutt the steam dragon.
The steam dragon claws you but does no damage.
You barely miss the steam dragon.
The steam dragon is heavily wounded.
You are engulfed in a cloud of scalding steam.
* * * LOW HITPOINT WARNING * * *
You feel sick. The steam dragon closely misses you. The steam dragon claws you.
* * * LOW HITPOINT WARNING * * *
The steam dragon bites you but does no damage.
The steam dragon claws you but does no damage.
You feel very mighty all of a sudden.
You feel sick.
You are no longer poisoned.
The steam dragon breathes steam at you. The ball of steam hits you.
* * * LOW HITPOINT WARNING * * *
You hear an angry hiss.
You feel much better.
You are engulfed in a cloud of scalding steam.
The steam dragon bites you but does no damage.
The steam dragon claws you but does no damage.
You sock the steam dragon!
You kill the steam dragon!
Trog accepts your kill.
The steam dragon scales are intact enough to wear.
You are engulfed in a cloud of scalding steam.
You sock the kobold brigand! You headbutt the kobold brigand!
You kill the kobold brigand!
Trog accepts your kill.
You are engulfed in a cloud of scalding steam.
* * * LOW HITPOINT WARNING * * *
You sock the cyclops! You headbutt the cyclops.
The cyclops is moderately wounded.
You are engulfed in a cloud of scalding steam.
The cyclops hits you!!
You die...

# #5# #.# #.#
###.##y## #.# #.##
#.......# #.# #.##
...#.##..# #o# #.##
#.#...###C#######
#.##
#....oKK..)oK...####
##...
#........K##K......#
#....
####.#######C##.##.#
#.### #.# #@##.##.#
#.# #.# #.##..#.#
#.# #+# #§##....#
#.# #§###.#.# #.#
#.......# #.###
###.#.### #.##.
####....########.#..
+...................
####....####.###.#..


You could see a cyclops, a kobold brigand, an orc wizard and a kobold.

Vanquished Creatures
  Maggie (D:8)
  A kobold demonologist (D:9)
  A hornet (D:9)
  Prince Ribbit (D:7)
  2 wyverns
  2 steam dragons
  3 water moccasins
  An orc warrior (D:8)
  4 sky beasts
  2 black bears
  An ice beast (D:6)
  3 ogres
  5 centaurs
  A phantom (D:5)
  A kobold brigand (D:9)
  A gnoll sergeant (D:5)
  10 scorpions
  3 bullfrogs
  A necrophage (D:3)
  3 wights (D:8)
  5 killer bees (D:9)
  10 howler monkeys
  3 hounds
  6 orc priests
  3 gnoll boudas
  3 jellies
  3 iguanas
  5 orc wizards
  10 gnolls
  9 adders
  A shadow imp (D:7)
  2 white imps
  An ufetubus (D:5)
  3 worms
  3 dart slugs
  29 orcs
  2 endoplasms
  A giant cockroach (D:1)
  6 goblins
  7 hobgoblins
  8 jackals (D:2)
  2 quokkas
  6 ball pythons
  2 bats
  2 frilled lizards
  6 kobolds
  4 rats
189 creatures vanquished.

Vanquished Creatures (others)
  A vampire (D:9)
  A bush (D:6)
2 creatures vanquished.

Grand Total: 191 creatures vanquished

Notes
Turn   | Place    | Note
-------+----------+-------------------------------------------
     0 | D:1      | Cape the Minotaur Berserker began the quest for the Orb.
     0 | D:1      | Reached XP level 1. HP: 19/19 MP: 0/0
   467 | D:1      | Reached XP level 2. HP: 27/27 MP: 1/1
  1102 | D:2      | Reached XP level 3. HP: 21/33 MP: 2/2
  1430 | D:2      | Found a faded altar of an unknown god.
  1549 | D:2      | Reached skill level 1 in Evocations
  1715 | D:3      | Reached ** piety under Trog
  1818 | D:3      | Noticed a necrophage
  1834 | D:3      | Killed a necrophage
  1835 | D:3      | Reached XP level 4. HP: 24/41 MP: 3/3
  2087 | D:3      | Reached XP level 5. HP: 11/47 MP: 4/4
  2581 | D:4      | Reached skill level 5 in Fighting
  2593 | D:4      | Reached skill level 5 in Axes
  2734 | D:4      | Noticed a water moccasin
  2741 | D:4      | Killed a water moccasin
  2742 | D:4      | Reached XP level 6. HP: 39/56 MP: 5/5
  3416 | D:4      | Reached XP level 7. HP: 54/63 MP: 6/6
  3524 | D:4      | Found a stormy altar of Qazlal.
  3740 | D:5      | Entered Level 5 of the Dungeon
  3833 | D:5      | Found Duteoc Uhish's Antique Armour Boutique.
  3993 | D:5      | You fall into a shaft and drop 3 floors!
  4018 | D:8      | Noticed Maggie
  4032 | D:8      | Killed Maggie
  4238 | D:7      | Found Esaqaeh's General Store.
  4243 | D:7      | Reached XP level 8. HP: 71/71 MP: 7/7
  4245 | D:7      | Found Rielia's Specific Store.
  4254 | D:7      | Bought a potion of heal wounds for 80 gold pieces
  4254 | D:7      | Bought a scroll of identify for 32 gold pieces
  4269 | D:6      | Found Tuathov's Magic Scroll Boutique.
  4277 | D:6      | Bought a scroll of identify for 30 gold pieces
  4277 | D:6      | Bought a scroll of identify for 30 gold pieces
  4327 | D:6      | Reached skill level 5 in Armour
  4568 | D:6      | Reached *** piety under Trog
  5446 | D:6      | Reached skill level 5 in Dodging
  6051 | D:6      | Found a staircase to the Ecumenical Temple.
  6194 | Temple   | Entered the Ecumenical Temple
  6362 | D:5      | Reached XP level 9. HP: 82/82 MP: 8/8
  7048 | D:5      | Reached **** piety under Trog
  7481 | D:5      | Bought a runed cloak for 202 gold pieces
  7943 | D:7      | Noticed Prince Ribbit
  7958 | D:7      | Killed Prince Ribbit
  8043 | D:7      | Found a blossoming altar of Fedhas.
  8044 | D:7      | Found an ancient bone altar of Kikubaaqudgha.
  8044 | D:7      | Found a hide-covered altar of Uskayaw.
  8063 | D:7      | Found a glowing silver altar of Zin.
  8065 | D:7      | Found a sacrificial altar of Ru.
  8510 | D:8      | Reached XP level 10. HP: 81/93 MP: 9/9
  8518 | D:8      | Reached skill level 10 in Fighting
  8521 | D:8      | Reached skill level 10 in Axes
  8952 | D:8      | Reached skill level 5 in Evocations
  9449 | D:9      | Found a staircase to the Orcish Mines.
 10266 | D:9      | Noticed a cyclops
 10317 | D:9      | Slain by a cyclops

Illustrated notes

Levels and vault maps discovered:
D:1:      scummos_arrival_checkerplants, layout_basic, kennysheep_flooded_box,
          minmay_pentomino_o4
D:2:      layout_basic, ebering_ecumenical_altar_ruins
D:3:      layout_rooms, small_statue_intersection
D:4:      layout_basic, grunt_qazlal_sundering
D:5:      minmay_polygon_palace, layout_loops_ring, serial_shops,
          nicolae_shop_stone
D:6:      layout_loops_ring, minmay_temple_entry_fiery, serial_shops,
          nicolae_shop_crystal, kb_lookout_dungeons_type,
          nicolae_concentric_dashed_squares_mild,
          minmay_fractal_squares_diagonal_5
D:7:      layout_rooms, minitemple, minmay_curled_crystal,
          nicolae_specific_store, nicolae_lava_and_water,
          chequers_serial_rivers_small_b, uniq_prince_ribbit1
D:8:      layout_cave_pools, uniq_maggie
D:9:      cheibrodos_fzero, layout_loops_corners, mainiacjoe_overflow_alcove_1,
          orc_0_dummy, chequers_serial_rivers_small_3, uniq_psyche, uniq_maurice
Temple:   nicolae_temple_ecumenical_triangle

Skill      XL: |  1  2  3  4  5  6  7  8  9 10 |
---------------+-------------------------------+-----
Fighting       | 4 5 6 8 9 10 | 10.8
Axes           | 4 5 6 8 9 10 | 10.8
Evocations     | 1 2 3 4 5 |  5.4
Armour         | 3 4 5 7 |  7.7
Dodging        | 3 4 5 6 |  6.8

Action                   |  1- 3 |  4- 6 |  7- 9 | 10-12 || total
-------------------------+-------+-------+-------+-------++-------
Melee: Hand axe          |    38 |       |       |       ||    38
       Headbutt          |     7 |    16 |    59 |    21 ||   103
       Punch             |     1 |     1 |     3 |     1 ||     6
       War axe           |    16 |    94 |   290 |    38 ||   438
       Flail             |       |       |       |    80 ||    80
 Fire: Sling             |    35 |     9 |    11 |       ||    55
Invok: Berserk           |       |     2 |     2 |       ||     4
       Trog's Hand       |       |     2 |     1 |     2 ||     5
Evoke: Wand              |       |       |       |     1 ||     1
  Use: Scroll            |     4 |     2 |     4 |       ||    10
       Potion            |       |       |       |     5 ||     5
 Stab: Paralysed         |       |       |       |     1 ||     1
Armor: Leather armour    |     9 |       |       |       ||     9
       Animal skin       |     2 |       |       |       ||     2
       Plate armour      |    13 |    65 |   207 |   107 ||   392
       Skin              |       |       |       |    27 ||    27
Dodge: Dodged            |    40 |    27 |   148 |    77 ||   292
